 Dungeon Crawl Stone Soup version 0.30-a0-920-g7493c07aab (webtiles) character file.

Game seed: 10415337948980545807

1029 123deadman the Chopper (level 8, -10/61 HPs)
             Began as a Human Fighter on Mar 21, 2023.
             Was a Follower of Yredelemnul.
             Mangled by a merfolk
             ... wielding a +0 halberd
             ... led by the fury of Okawaru
              (18 damage)
             ... on level 5 of the Dungeon.
             The game lasted 00:18:58 (3777 turns).

123deadman the Chopper (Human Fighter)              Turns: 3777, Time: 00:18:58

Health: -10/61     AC: 12    Str: 18    XL:     8   Next: 47%
Magic:  8/8        EV: 10    Int:  8    God:    Yredelemnul [*.....]
Gold:   256        SH:  5    Dex: 14    Spells: 7/7 levels left

rFire   . . .      SeeInvis +    u - +3 hand axe (distort)
rCold   . . .      Faith    .    c - +0 buckler
rNeg    . . .      Spirit   .    b - +0 scale mail
rPois   .          Reflect  .    x - +2 hat
rElec   .          Rampage  .    o - +0 cloak
rCorr   .                        (no gloves)
Will    .....                    t - +0 pair of boots Stlth
                                 (no amulet)
HPRegen 0.30/turn                p - ring of see invisible
MPRegen 0.11/turn                (no ring)

@: mighty
A: no striking features
a: Renounce Religion, Recall Undead Harvest


You were on level 5 of the Dungeon.
You worshipped Yredelemnul.
Yredelemnul was noncommittal.
You visited 2 branches of the dungeon, and saw 6 of its levels.

You collected 256 gold pieces.

Inventory:

Hand Weapons
 a - a +0 war axe
 u - a +3 hand axe of distortion (weapon)
 v - a +0 dagger
 w - a +1 flail of protection
Armour
 b - a +0 scale mail (worn)
 c - a +0 buckler (worn)
 o - a +0 cloak (worn)
 t - a +0 pair of boots (worn)
 x - a +2 hat (worn)
Magical Staves
 k - a staff of poison
 l - a staff of poison
Jewellery
 p - a ring of see invisible (left hand)
Wands
 h - a wand of polymorph (5)
 z - a wand of paralysis (3)
Scrolls
 f - a scroll of poison
 m - a scroll of fog
Potions
 e - a potion of degeneration {unknown}
 g - 3 potions of curing {unknown}
 i - a potion of lignification {unknown}
 j - 2 potions of heal wounds {unknown}
 n - 2 potions of ambrosia {unknown}
 q - a potion of invisibility {unknown}


   Skills:
 + Level 4.4 Fighting
 + Level 6.0 Axes
 + Level 0.5 Throwing
 + Level 5.6 Armour
 + Level 2.6 Dodging
 + Level 0.3 Stealth
 + Level 4.0 Shields
 + Level 0.9 Evocations


You had 7 spell levels left.
You didn't know any spells.
Your spell library contained the following spells:

 Spells                   Type           Power      Damage    Failure   Level
 Sandblast                Erth           0%         2d4       86%         1
 Sting                    Tmut/Pois      0%         1d3       86%         1
 Summon Small Mammal      Summ           0%         N/A       86%         1
 Passwall                 Tmut/Erth      0%         N/A       94%         2
 Poisonous Vapours        Pois/Air       0%         N/A       94%         2
 Call Canine Familiar     Summ           0%         N/A       99%         3
 Dazzling Flash           Conj/Hex       0%         N/A       99%         3
 Kindle Blastsparks       Fire/Tloc/Air  0%         2d10      99%         3
 Stone Arrow              Conj/Erth      0%         3d7       99%         3
 Summon Guardian Golem    Hex/Summ       0%         N/A       99%         3
 Fulminant Prism          Conj/Hex       0%         3d5       100%        4
 Iskenderun's Mystic Bla  Conj/Tloc      0%         2d3       100%        4
 Olgreb's Toxic Radiance  Pois           0%         N/A       100%        4
 Agony                    Necr           0%         N/A       100%        5
 Lee's Rapid Deconstruct  Erth           0%         3d4*      100%        5
 Silence                  Hex/Air        0%         N/A       100%        5


Dungeon Overview and Level Annotations

Branches:
Dungeon (5/15)             Temple (1/1) D:5

Altars:
Ashenzari
Cheibriados
Elyvilon
Makhleb
Okawaru
Ru
Sif Muna
Trog
Yredelemnul
Zin
The Shining One

Shops:
D:1 [(

Annotations:
Abyss:1 Pikel


Message History

A bat zombie comes into view.
The merfolk shouts! x2
A rat zombie comes into view.
You feel very mighty all of a sudden.
Your orc zombie hits the merfolk but does no damage.
Your orc wizard zombie misses the merfolk.
The merfolk impaler completely misses you.
The merfolk hits you with a +0 halberd!
The merfolk hits you from afar with a +0 glaive!!
You slash the tengu warrior!
The tengu warrior is moderately wounded.
You barely miss the bat zombie. You closely miss the merfolk impaler.
You barely miss the merfolk. You block the bat zombie's attack.
The bat zombie closely misses you.
A rat zombie comes into view.
The merfolk impaler hits you but does no damage.
The bat zombie barely misses you.
Your orc zombie hits the merfolk but does no damage.
The tengu warrior hits you with a +2 great mace.
You block the tengu warrior's attack. The tengu warrior barely misses you.
The merfolk hits you but does no damage.
Your orc wizard zombie barely misses the merfolk.
You block the merfolk's attack.
You closely miss the tengu warrior.
The tengu warrior is moderately wounded.
You miss the merfolk impaler. You hit the merfolk.
Space warps horribly around the merfolk!
You hit the bat zombie.
Space warps horribly around the bat zombie!
You destroy the bat zombie!
The merfolk impaler misses you.
Your orc zombie hits the merfolk but does no damage.
A rat zombie comes into view.
The merfolk impaler closely misses you.
The tengu warrior hits you with a +2 great mace!
* * * LOW HITPOINT WARNING * * *
The tengu warrior closely misses you. You block the tengu warrior's attack.
The merfolk hits you with a +0 halberd!!
You die...
Your body rises from the dead as a mindless zombie.

#....# # #....# # +....#
# #########....######+##
#.......Z.............
#.......Z.............
#...mQ.mZZ......).....
#..m.@..Z.......ยง.....
......m...##########....
...###.#### #...#.... .
#. #...#.... #Z
#...#.... #. #...'....
.. #...#.... .Z
#####.... ....####


You could see a merfolk impaler, a tengu warrior, 3 merfolk, 2 rat zombies, a
friendly adder zombie, 2 friendly orc zombies and 2 friendly orc wizard zombies.

Vanquished Creatures
  Menkaure (D:5)
  3 lemures (D:5)
  2 scorpions
  An orc priest (D:3)
  An iguana (D:4)
  4 orc wizards (D:5)
  5 adders
  An ufetubus (D:3)
  A worm (D:2)
  5 dart slugs
  15 orcs
  A bat zombie (D:5)
  7 endoplasms
  2 giant cockroaches
  12 goblins
  9 hobgoblins
  7 jackals
  4 kobolds
  6 quokkas
  10 ball pythons
  7 bats
  3 frilled lizards
  4 rats
111 creatures vanquished.

Vanquished Creatures (others)
  A dart slug zombie (D:5)
1 creature vanquished.

Grand Total: 112 creatures vanquished

Notes
Turn   | Place    | Note
-------+----------+-------------------------------------------
     0 | D:1      | 123deadman the Human Fighter began the quest for the Orb.
     0 | D:1      | Reached XP level 1. HP: 18/18 MP: 1/1
    38 | D:1      | Reached XP level 2. HP: 20/24 MP: 2/2
   262 | D:1      | Found Kiad Xypn's Antique Weapon Boutique.
   265 | D:1      | Reached XP level 3. HP: 29/29 MP: 3/3
   459 | D:1      | Found Ciela's Antique Armour Boutique.
   705 | D:1      | Found a faded altar of an unknown god.
   710 | D:1      | Prayed at the altar of an unknown god.
   710 | D:1      | Became a worshipper of Warmaster Okawaru
   710 | D:1      | Reached * piety under Okawaru
  1095 | D:2      | Reached XP level 4. HP: 35/35 MP: 4/4
  1158 | D:2      | Reached skill level 3 in Axes
  1783 | D:3      | Reached XP level 5. HP: 23/41 MP: 2/5
  1820 | D:3      | Reached skill level 1 in Dodging
  1878 | D:3      | Reached skill level 4 in Axes
  1878 | D:3      | Reached XP level 6. HP: 25/47 MP: 6/6
  2391 | D:4      | Found a sacrificial altar of Ru.
  2601 | D:4      | Found a broken altar of Ashenzari.
  3116 | D:5      | Entered Level 5 of the Dungeon
  3129 | D:5      | Found a staircase to the Ecumenical Temple.
  3150 | D:5      | Reached XP level 7. HP: 54/54 MP: 7/7
  3165 | Temple   | Entered the Ecumenical Temple
  3180 | Temple   | Fell from the grace of Okawaru
  3180 | Temple   | Became a worshipper of Yredelemnul the Dark
  3216 | D:5      | Noticed Pikel
  3238 | D:5      | Banished Pikel
  3239 | D:5      | Reached skill level 5 in Axes
  3239 | D:5      | Reached skill level 5 in Armour
  3239 | D:5      | Reached XP level 8. HP: 34/61 MP: 8/8
  3246 | D:5      | Noticed a minotaur
  3246 | D:5      | Noticed a cyclops
  3256 | D:5      | HP: 3/61 [minotaur/javelin[the fury of Okawaru] (21)]
  3647 | D:5      | Noticed Menkaure
  3650 | D:5      | Killed Menkaure
  3760 | D:5      | Reached * piety under Yredelemnul
  3761 | D:5      | Reached skill level 6 in Axes
  3774 | D:5      | Noticed a tengu warrior
  3774 | D:5      | Noticed a merfolk impaler
  3774 | D:5      | Noticed a merfolk
  3774 | D:5      | Noticed a merfolk
  3774 | D:5      | Noticed a merfolk
  3777 | D:5      | Mangled by a merfolk

Illustrated notes

Levels and vault maps discovered:
D:1:      wander_arrival_estate, layout_basic, nicolae_ecumenical_lake_church,
          serial_shops, shop, shop, minmay_tetromino_i2
D:2:      layout_loops_ring, minmay_pentomino_pile
D:3:      layout_rooms, chequers_serial_rivers_micro_d, minivault_23,
          chequers_serial_rivers_micro_e
D:4:      layout_loops_ring, nicolae_overflow_crystal_walls,
          nicolae_ru_sacrificial_ziggurat
D:5:      layout_gridville, lemuel_zombie_altar_kikubaaqudgha, temple_statues,
          uniq_pikel, uniq_menkaure, uniq_sigmund, uniq_blork_the_orc
Temple:   nicolae_temple_bog_church

Skill      XL: |  1  2  3  4  5  6  7  8 |
---------------+-------------------------+-----
Axes           | 3 4 5 6 |  6.0
Dodging        | 1 2 |  2.6
Fighting       | 4 |  4.4
Armour         | 5 |  5.6
Shields        | 4 |  4.0
Throwing       | |  0.5
Stealth        | |  0.3
Evocations     | |  0.9

Action                     |  1- 3 |  4- 6 |  7- 9 || total
---------------------------+-------+-------+-------++-------
  Melee: War axe           |    76 |   133 |       ||   209
         Hand axe          |       |    29 |    34 ||    63
  Throw: Dart              |       |     1 |     2 ||     3
 Invoke: Heroism           |       |     1 |       ||     1
  Evoke: Wand              |     3 |     1 |     2 ||     6
    Use: Scroll            |     2 |     8 |     1 ||    11
         Potion            |       |       |     2 ||     2
 Armour: Scale mail        |    59 |   119 |    19 ||   197
         Skin              |    24 |       |       ||    24
  Dodge: Dodged            |    66 |   104 |    24 ||   194
  Block: Buckler           |    29 |    55 |    12 ||    96

Table legend: (Time is in decaauts)
 A = Elapsed time spent in this place.
 B = Non-inter-level travel time spent in this place.
 C = Inter-level travel time spent in this place.
 D = Time resting spent in this place.
 E = Time spent auto-exploring this place.
 F = Levels seen in this place.
 G = Mean time per level.
                   A        B        C        D        E       F      G
               +--------+--------+--------+--------+--------+-----+--------+
         Total |   3868 |   3726 |    142 |      0 |   1737 |   6 |  644.7 |
       Dungeon |   3840 |   3698 |    142 |      0 |   1737 |   5 |  768.0 |
        Temple |     28 |     28 |      0 |      0 |      0 |   1 |   28.0 |
               +--------+--------+--------+--------+--------+-----+--------+

Top non-repeatable levels by time:
     D:4: 1179 daAuts
     D:2: 958 daAuts
     D:1: 870 daAuts
     D:3: 571 daAuts
     D:5: 261 daAuts
  Temple: 28 daAuts
